 Dungeon Crawl Stone Soup version 0.22.0-25-g7663229 (webtiles) character file.

1342 NormalPerson7T the Cutter (level 8, -6/48 HPs)
             Began as a Deep Elf Artificer on Aug 20, 2018.
             Was an Initiate of Kikubaaqudgha.
             Killed by nerve-wracking pain
             ... invoked by an orc priest
              (8 damage)
             ... on level 6 of the Dungeon.
             The game lasted 00:07:07 (5817 turns).

NormalPerson7T the Cutter (Deep Elf Artificer)      Turns: 5817, Time: 00:07:09

Health: -6/48      AC:  5    Str: 10    XL:     8   Next: 35%
Magic:  14/14      EV: 17    Int: 18    God:    Kikubaaqudgha [......]
Gold:   217        SH:  0    Dex: 15    Spells: 7/7 levels left

rFire    . . .     SeeInvis .   h - +7 short sword (elec)
rCold    . . .     Gourm    .   (no shield)
rNeg     . . .     Faith    .   b - +0 leather armour
rPois    .         Spirit   .   (no helmet)
rElec    .         Reflect  .   s - +0 cloak
rCorr    .         Harm     .   n - +0 pair of gloves
MR       .....                  (no boots)
Stlth    ++........             (no amulet)
HPRegen  0.16/turn              E - +5 ring of evasion
MPRegen  0.14/turn              (no ring)

@: lethally poisoned (-6 -> -7)
A: no striking features
a: Renounce Religion


You were on level 6 of the Dungeon.
You worshipped Kikubaaqudgha.
Kikubaaqudgha was noncommittal.
You were not hungry.

You visited 2 branches of the dungeon, and saw 7 of its levels.

You collected 217 gold pieces.

Inventory:

Hand Weapons
 a - a +0 short sword
 h - a +7 short sword of electrocution (weapon)
Armour
 b - a +0 leather armour (worn)
 n - a +0 pair of gloves (worn)
 s - a +0 cloak (worn)
Jewellery
 o - an uncursed ring of flight {unknown}
 z - an uncursed ring of positive energy {unknown}
 E - a +5 ring of evasion (left hand)
 Z - an uncursed ring of see invisible
Wands
 c - a wand of flame (3)
 d - a wand of enslavement (12)
 e - a wand of random effects (9)
 y - a wand of paralysis (11)
Scrolls
 i - 8 scrolls of identify
 m - 3 scrolls of enchant armour {unknown}
 p - a scroll of blinking {unknown}
 q - 2 scrolls of fog {unknown}
 r - 2 scrolls of remove curse
 t - 8 scrolls of teleportation
 w - a scroll of magic mapping {unknown}
 B - a scroll of immolation {unknown}
Potions
 g - 3 potions of agility
 j - a potion of lignification {unknown}
 k - 3 potions of magic
 l - a potion of curing {unknown}
 u - 2 potions of heal wounds {unknown}
 x - a potion of ambrosia {unknown}
Comestibles
 f - 9 rations
 v - a chunk of flesh


   Skills:
 + Level 4.0 Fighting
 * Level 7.0 Short Blades
 - Level 2.4 Dodging
 - Level 1.2 Stealth
 + Level 2.5 Necromancy
 + Level 6.4 Evocations


You had 7 spell levels left.
You didn't know any spells.
Your spell library was empty.

Dungeon Overview and Level Annotations

Branches:
Dungeon (6/15)             Temple (1/1) D:4

Altars:
Ashenzari
Cheibriados
Dithmenos
Elyvilon
Fedhas
Hepliaklqana
Kikubaaqudgha
Makhleb
Nemelex Xobeh
Okawaru
Qazlal
Ru
Sif Muna
Trog
Uskayaw
Vehumet
Wu Jian
Xom
Yredelemnul
Zin
The Shining One

Annotations:
D:6 Menkaure


Message History

The puff of flame misses the orc priest.
* * * LOW HITPOINT WARNING * * *
You feel sick. The orc priest completely misses you.
Evoke which item? (* to show all) (? for menu, Esc to quit)
Aiming: Throw Flame
Press: ? - help, Shift-Dir - straight line, f/p - orc priest
Aim: an orc priest, wielding a club (severely wounded)
The puff of flame hits the orc priest.
The orc priest is almost dead.
The orc priest closely misses you.
Evoke which item? (* to show all) (? for menu, Esc to quit)
Aiming: Throw Flame
Press: ? - help, Shift-Dir - straight line, f/p - orc priest
Aim: an orc priest, wielding a club (almost dead)
The puff of flame hits the orc priest.
The orc priest is almost dead.
The orc priest calls down the wrath of Beogh upon you.
Pain shoots through your body!
You die...
Kikubaaqudgha rasps: "You have failed me!
Welcome... death!"

..##..##.##.###(.#
............#..(.#
.......[....#.......
............#....... ##
..##........#....##. ##
#.###+##'######+##.co# #
...#.....##..####..##...#
..........)o.............
..........@..............
.............<.......
##.###...##..........
#...############ .......
......^..# .........#
..#####.## ## ###


You could see an orc priest.

Vanquished Creatures
  Grinder (D:3)
  Sigmund (D:4)
  Eustachio (D:4)
  An orc warrior (D:6)
  Blork the orc (D:5)
  2 scorpions
  A crimson imp (D:5)
  A bullfrog zombie (D:3)
  A quasit (D:5)
  An orc priest (D:3)
  A hound (D:2)
  2 orc wizards (D:3)
  A bullfrog skeleton (D:6)
  A jelly (D:5)
  Terence (D:2)
  2 iguanas (D:4)
  3 worker ants
  3 gnolls (D:3)
  5 adders
  2 worms
  A dart slug (D:2)
  5 leopard geckos
  18 orcs
  4 bats (D:3)
  4 giant cockroaches
  10 goblins
  4 hobgoblins
  6 jackals
  2 kobolds
  A quokka (D:2)
  5 frilled lizards
  8 rats
  A butterfly (D:4)
101 creatures vanquished.

Vanquished Creatures (others)
  An orc wizard (D:4)
  A jackal (D:1)
2 creatures vanquished.

Grand Total: 103 creatures vanquished

Notes
Turn   | Place    | Note
-------+----------+-------------------------------------------
     0 | D:1      | NormalPerson7T the Deep Elf Artificer began the quest for the Orb.
     0 | D:1      | Reached XP level 1. HP: 11/11 MP: 5/5
   357 | D:1      | Reached skill level 1 in Fighting
   376 | D:1      | Reached XP level 2. HP: 3/16 MP: 6/6
  1150 | D:2      | Reached skill level 2 in Short Blades
  1150 | D:2      | Reached XP level 3. HP: 4/20 MP: 7/7
  1412 | D:2      | Noticed Terence
  2105 | D:2      | Killed Terence
  2105 | D:2      | Reached XP level 4. HP: 14/26 MP: 7/9
  2328 | D:2      | Reached skill level 3 in Short Blades
  2501 | D:3      | Noticed Grinder
  2699 | D:3      | Reached XP level 5. HP: 26/30 MP: 10/10
  2721 | D:3      | Killed Grinder
  2721 | D:3      | Reached skill level 4 in Short Blades
  2721 | D:3      | Reached XP level 6. HP: 17/36 MP: 11/11
  3156 | D:3      | Reached skill level 5 in Evocations
  3249 | D:3      | Reached skill level 5 in Short Blades
  3384 | D:4      | Noticed Eustachio
  3599 | D:4      | Killed Eustachio
  3599 | D:4      | Reached XP level 7. HP: 41/41 MP: 11/13
  3665 | D:4      | Noticed Sigmund
  3671 | D:4      | Killed Sigmund
  3671 | D:4      | Reached skill level 6 in Short Blades
  3768 | D:4      | Found a staircase to the Ecumenical Temple.
  3779 | Temple   | Entered the Ecumenical Temple
  4077 | Temple   | Became a worshipper of Kikubaaqudgha
  4756 | D:5      | Entered Level 5 of the Dungeon
  4833 | D:5      | Reached skill level 1 in Necromancy
  4886 | D:5      | Reached XP level 8. HP: 48/48 MP: 14/14
  5274 | D:6      | Noticed Menkaure
  5327 | D:6      | Noticed Blork the orc
  5519 | D:5      | Killed Blork the orc
  5809 | D:6      | Reached skill level 7 in Short Blades
  5813 | D:6      | HP: 2/48 [orc priest/club (3)]
  5817 | D:6      | Killed from afar by an orc priest

Skill      XL: |  1  2  3  4  5  6  7  8 |
---------------+-------------------------+-----
Fighting       | 1 2 3 4 |  4.0
Short Blades   | 2 3 4 5 6 7 |  7.0
Evocations     | 4 5 6 |  6.4
Necromancy     | 1 2 |  2.5
Dodging        | |  2.4
Stealth        | |  1.2

Action                   |  1- 3 |  4- 6 |  7- 9 || total
-------------------------+-------+-------+-------++-------
Melee: Short sword       |    77 |   110 |   101 ||   288
Evoke: Wand              |    13 |     4 |     4 ||    21
  Use: Scroll            |       |     6 |     2 ||     8
 Stab: Sleeping          |     5 |     2 |     2 ||     9
       Paralysed         |     5 |       |       ||     5
  Eat: Chunk             |     4 |     4 |     7 ||    15
Armor: Leather armour    |    23 |    23 |    10 ||    56
Dodge: Dodged            |    49 |   107 |    84 ||   240
